 Dungeon Crawl Stone Soup version 0.27-a0-416-gca2cecf3c0 (webtiles) character file.

Game seed: 7202364060788755508

144 Morbidden the Grave Robber (level 5, 34/37 HPs)
             Began as a Demonspawn Necromancer on Feb 25, 2021.
             Quit the game on level 2 of the Dungeon.
             The game lasted 00:02:30 (1993 turns).

Morbidden the Grave Robber (Demonspawn Necromancer) Turns: 1993, Time: 00:02:30

Health: 34/37      AC:  6    Str: 14    XL:     5   Next: 5%
Magic:  4/9        EV: 12    Int: 17    God:
Gold:   89         SH:  4    Dex: 14    Spells: 6/10 levels left

rFire    . . .     SeeInvis .   a - +0 hunting sling
rCold    . . .     Faith    .   (no shield)
rNeg     . . .     Spirit   .   j - +0 robe
rPois    .         Reflect  .   (helmet restricted)
rElec    .         Harm     .   (no cloak)
rCorr    .         Rampage  .   l - +1 pair of gloves
Will     .....                  (no boots)
Stlth    ++........             k - amulet of magic regeneration
HPRegen  0.12/turn              e - +6 ring of strength
MPRegen  0.36/turn              (no ring)

@: no status effects
A: antennae 1, icy blue scales 1, condensation shield
a: no special abilities


You were on level 2 of the Dungeon.
You visited 1 branch of the dungeon, and saw 2 of its levels.

You collected 89 gold pieces.

Inventory:

Hand Weapons
 a - a +0 hunting sling (weapon)
Missiles
 i - 14 sling bullets (quivered ammo)
Armour
 j - a +0 robe (worn)
 l - a +1 pair of gloves (worn)
Jewellery
 e - a +6 ring of strength (left hand)
 k - an amulet of magic regeneration (around neck)
Scrolls
 c - a scroll of fear {unknown}
 d - a scroll of fog {unknown}
 g - a scroll of identify {unknown}
Potions
 f - a potion of flight {unknown}
 h - a potion of curing {unknown}


   Skills:
 * Level 1.0 Fighting
 + Level 1.8 Slings
 + Level 1.8 Dodging
 + Level 1.7 Stealth
 * Level 3.1 Spellcasting
 * Level 5.4 Necromancy


You had 6 spell levels left.
You knew the following spells:

 Your Spells              Type           Power        Failure   Level
a - Pain                  Necr           84%          1%          1
b - Vampiric Draining     Necr           10%          5%          3

Your spell library contained the following spells:

 Spells                   Type           Power        Failure   Level
 Animate Skeleton         Necr           42%          1%          1
 Animate Dead             Necr           10%          19%         4
 Agony                    Necr           21%          45%         5


Dungeon Overview and Level Annotations

Branches:
Dungeon (2/15)

Altars:
Ru


Innate Abilities, Weirdness & Mutations

You have a pair of small antennae on your head.
You are partially covered in icy blue scales. (AC +2)
A meltable shield of frost defends you. (SH +4)


Message History

The adder is moderately wounded.
You shoot a sling bullet.
The sling bullet barely misses the quokka.
The sling bullet hits the adder.
The adder is severely wounded.
The quokka bites you but does no damage.
You shoot a sling bullet. The sling bullet hits the quokka.
The quokka is moderately wounded.
The quokka bites you. x2
You shoot a sling bullet.
The sling bullet hits the quokka but does no damage.
The quokka is moderately wounded.
The quokka barely misses you.
Casting: Vampiric Draining (dangerous; 5% risk of failure)
Confirm with . or Enter, or press ? or * to list all spells.
Aiming: Pain (safe; 1% risk of failure)
Press: ? - help, Shift-Dir - straight line, f/p - quokka
Aim: a quokka (moderately wounded, chance to affect: 91%)
The quokka barely resists.
The quokka misses you.
Unknown command.
Casting: Pain (safe; 1% risk of failure)
Confirm with . or Enter, or press ? or * to list all spells.
Aiming: Pain (safe; 1% risk of failure)
Press: ? - help, Shift-Dir - straight line, f/p - quokka
Aim: a quokka (moderately wounded, chance to affect: 91%)
The quokka writhes in agony!
You kill the quokka!
Unknown command.
Casting: Pain (safe; 1% risk of failure)
Confirm with . or Enter, or press ? or * to list all spells.
Aiming: Vampiric Draining (dangerous; 5% risk of failure)
Press: ? - help, Shift-Dir - straight line, f - adder
Aim: an adder (severely wounded)
You kill the adder!
You feel life coursing into your body.
You have reached level 5!
Your demonic ancestry asserts itself...
A pair of antennae grows on your head!
Unknown command.
Are you sure you want to abandon this character and quit the game? (Confirm with "yes".)

##.## #####.#
......#########
.####.........# .#
#.........## .#
#..........#####..
.#
#..###'###........ .
.# #..# #.#
#.#####..(# .#
#..###[###..@(((..#
.##
#..'.._..'.#####..(#
..# #..#######.# (
#.# #.)# ### #.# #)#
##.#######.#
#.####)........#
...##..###......
..†...## ##. ..)##.#


There were no monsters in sight!

Vanquished Creatures
  An orc priest (D:2)
  An orc wizard (D:2)
  4 adders (D:2)
  A worm (D:2)
  A dart slug (D:1)
  A leopard gecko (D:2)
  3 orcs (D:2)
  10 bats
  3 giant cockroaches
  2 goblins (D:2)
  4 hobgoblins
  3 jackals (D:2)
  4 kobolds
  A quokka (D:2)
  3 ball pythons
  A frilled lizard (D:1)
  A rat (D:1)
44 creatures vanquished.

Notes
Turn   | Place    | Note
-------+----------+-------------------------------------------
     0 | D:1      | Morbidden the Demonspawn Necromancer began the quest for
                  | the Orb.
     0 | D:1      | Reached XP level 1. HP: 13/13 MP: 3/3
   315 | D:1      | Gained mutation: You are partially covered in icy blue
                  | scales. (AC +2) [demonic ancestry]
   315 | D:1      | Reached XP level 2. HP: 18/19 MP: 3/5
   942 | D:1      | Reached skill level 5 in Necromancy
  1320 | D:2      | Gained mutation: A meltable shield of frost defends you.
                  | (SH +4) [demonic ancestry]
  1320 | D:2      | Reached XP level 3. HP: 20/25 MP: 1/6
  1794 | D:2      | Learned a level 3 spell: Vampiric Draining
  1835 | D:2      | Reached XP level 4. HP: 31/31 MP: 8/8
  1891 | D:2      | Reached skill level 1 in Slings
  1929 | D:2      | Reached skill level 1 in Fighting
  1950 | D:2      | Found a sacrificial altar of Ru.
  1993 | D:2      | Gained mutation: You have a pair of small antennae on your
                  | head. [demonic ancestry]
  1993 | D:2      | Reached XP level 5. HP: 34/37 MP: 4/9
  1993 | D:2      | Quit the game

Illustrated notes

Levels and vault maps discovered:
D:1:      co_arrival_square_in_a_square_in_a_square, layout_loops_corners
D:2:      minmay_angry_zag, layout_loops_ring, lemuel_doored_altar

Skill      XL: |  1  2  3  4 |
---------------+-------------+-----
Necromancy     | 5 |  5.4
Spellcasting   | 3 |  3.1
Slings         | 1 |  1.8
Fighting       | 1 |  1.0
Dodging        | |  1.8
Stealth        | |  1.7

Action                   |  1- 3 |  4- 6 || total
-------------------------+-------+-------++-------
Melee: Hunting sling     |       |     1 ||     1
 Fire: Hunting sling     |    25 |    22 ||    47
 Cast: Pain              |    58 |     5 ||    63
       Vampiric Draining |       |     4 ||     4
  Use: Potion            |       |     1 ||     1
Armor: Robe              |     5 |     3 ||     8
Dodge: Dodged            |    12 |     3 ||    15

Table legend: (Time is in decaauts)
 A = Elapsed time spent in this place.
 B = Non-inter-level travel time spent in this place.
 C = Inter-level travel time spent in this place.
 D = Time resting spent in this place.
 E = Time spent auto-exploring this place.
 F = Levels seen in this place.
 G = Mean time per level.
                   A        B        C        D        E       F      G
               +--------+--------+--------+--------+--------+-----+--------+
         Total |   2000 |   1933 |     67 |     46 |   1641 |   2 | 1000.0 |
       Dungeon |   2000 |   1933 |     67 |     46 |   1641 |   2 | 1000.0 |
               +--------+--------+--------+--------+--------+-----+--------+

Top non-repeatable levels by time:
     D:1: 1259 daAuts
     D:2: 741 daAuts
